AoeStats
← Alyosha

Arena

508768794Analyzed
4v4 RM · 7d ago on Sep 24, 2026· 63m 51s· 8 players
Game mode
Random Map
Map size
Large (8 player)
Population
200
Speed
Normal
Resources
Standard
Victory
Conquest
Starting age
Dark Age
Ending age
Imperial Age
RankedLock teamsTeams togetherTeam positionsShared explorationLock speedFull tech treeHidden civsTurbo modeCheats
Victory
Defeat
🇨🇱 Vietnamese · Chile
739
+18
🇺🇸 Turks · United States
732
+19
🇲🇽 Lithuanians · Mexico
721
+19
🇨🇱 Romans · Chile
706
+20
🇨🇴 Franks · Colombia
817
-20
🇺🇸 Wei · United States
788
-19
🇧🇷 Tupi · Brazil
787
-19
🇨🇳 Britons · China
772
-18
Cypress Fever
0:28 Loom
13:40 Feudal Age
14:41 Double-Bit Axe
14:39 Horse Collar
14:57 Gold Mining
14:58 Stone Mining
16:24 Wheelbarrow
24:42 Castle Age
26:34 Hand Cart
26:23 Heavy Plow
26:37 Bow Saw
27:06 Gold Shaft Mining
27:06 Stone Shaft Mining
35:48 Imperial Age
34:34 Husbandry
34:45 Bloodlines
33:56 Light Cavalry
34:52 Forging
34:48 Scale Barding Armor
34:45 Scale Mail Armor
36:22 Iron Casting
35:50 Hussar
37:04 Ming Guang Armor
37:52 Chain Barding Armor
42:55 Crop Rotation
42:14 Heavy Hei Guang Cavalry
50:29 Man-at-Arms
luhigy23
0:27 Loom
12:23 Feudal Age
15:15 Wheelbarrow
17:41 Castle Age
15:39 Double-Bit Axe
18:55 Hand Cart
25:43 Bow Saw
25:29 Stone Mining
25:30 Gold Mining
28:18 Gold Shaft Mining
27:33 Town Watch
29:29 Murder Holes
29:15 Treadmill Crane
29:56 Ballistics
33:02 Imperial Age
30:49 Husbandry
30:58 Scale Barding Armor
31:25 Forging
33:10 Cavalier
35:17 Chemistry
35:03 Chain Barding Armor
35:19 Iron Casting
35:27 Conscription
35:08 Chivalry
49:40 Squires
49:26 Arson
49:27 Gambesons
49:03 Pikeman
52:01 Paladin
52:33 Halberdier
54:26 Elite Skirmisher
pablo.formigoni41
7:18 Loom
12:57 Feudal Age
17:24 Castle Age
18:41 Wheelbarrow
18:37 Horse Collar
18:47 Double-Bit Axe
27:46 Bow Saw
27:36 Heavy Plow
29:21 Hand Cart
30:04 Forging
29:55 Scale Mail Armor
31:36 Fletching
31:47 Padded Archer Armor
35:00 Imperial Age
33:09 Ballistics
32:30 Treadmill Crane
32:46 Murder Holes
33:03 Bodkin Arrow
33:23 Squires
34:00 Leather Archer Armor
35:14 Iron Casting
35:42 Heavy Plow
36:44 Two-Man Saw
35:37 Gold Mining
35:39 Stone Mining
36:57 Conscription
37:23 Caciques
37:39 Chain Mail Armor
40:17 Plate Mail Armor
40:11 Champi Runner
40:37 Arson
41:16 Champi Warrior
42:05 Elite Champi Warrior
56:25 Bracer
56:56 Ring Archer Armor
55:50 Elite Blackwood Archer
爆脆星星堡
13:12 Feudal Age
13:38 Double-Bit Axe
13:47 Stone Mining
18:18 Wheelbarrow
22:50 Castle Age
21:15 Gold Mining
21:15 Loom
21:57 Horse Collar
25:35 Hand Cart
27:50 Fortified Wall
29:33 Fletching
30:48 Gold Shaft Mining
33:04 Bodkin Arrow
37:29 Imperial Age
34:48 Town Watch
36:32 Masonry
36:43 Ballistics
37:29 Town Patrol
37:45 Bow Saw
38:11 Heavy Plow
38:35 Conscription
38:57 Hoardings
38:49 Bracer
39:25 Padded Archer Armor
40:32 Two-Man Saw
40:31 Elite Skirmisher
40:54 Elite Longbowman
42:23 Yeomen
43:29 Chemistry
43:00 Architecture
46:17 Leather Archer Armor
Alyosha
11:15 Feudal Age
16:09 Castle Age
14:33 Double-Bit Axe
17:42 Wheelbarrow
22:04 Stone Mining
22:25 Horse Collar
26:14 Sanctity
26:05 Fervor
26:07 Gold Mining
26:35 Bow Saw
27:19 Heavy Plow
28:18 Gold Shaft Mining
28:42 Hand Cart
31:19 Loom
32:01 Masonry
31:34 Treadmill Crane
34:32 Imperial Age
31:54 Loom
31:55 Town Watch
33:18 Padded Archer Armor
35:39 Conscription
36:10 Ballistics
35:47 Murder Holes
36:08 Forging
36:17 Leather Archer Armor
37:11 Fortified Wall
36:45 Elite Janissary
39:33 Two-Man Saw
39:09 Ring Archer Armor
38:32 Fletching
38:54 Forging
39:25 Artillery
40:44 Caravan
41:17 Masonry
40:59 Heated Shot
42:15 Hoardings
42:21 Town Patrol
43:08 Iron Casting
43:16 Architecture
44:30 Sappers
56:23 Blast Furnace
55:19 Bodkin Arrow
anzolablan
11:46 Feudal Age
17:25 Castle Age
16:01 Stone Mining
16:03 Gold Mining
16:01 Double-Bit Axe
18:53 Fervor
18:56 Horse Collar
22:02 Wheelbarrow
21:12 Loom
23:59 Bloodlines
23:50 Husbandry
24:59 Redemption
25:26 Hand Cart
29:58 Stone Shaft Mining
31:06 Squires
30:52 Arson
30:28 Man-at-Arms
34:51 Forging
34:48 Scale Barding Armor
34:26 Treadmill Crane
35:07 Ballistics
37:17 Iron Casting
37:02 Chain Barding Armor
37:12 Fortified Wall
36:57 Murder Holes
37:43 Town Watch
37:52 Fletching
38:03 Padded Archer Armor
41:55 Imperial Age
40:40 Elite Skirmisher
41:25 Thumb Ring
41:19 Bodkin Arrow
41:40 Leather Archer Armor
41:28 Heavy Plow
41:59 Cavalier
43:07 Conscription
42:10 Elite Leitis
43:52 Plate Barding Armor
43:32 Imperial Skirmisher
44:06 Paladin
45:20 Ring Archer Armor
45:14 Bracer
45:47 Capped Ram
52:10 Onager
elguille911
12:24 Feudal Age
16:29 Castle Age
14:41 Double-Bit Axe
18:05 Pikeman
18:47 Squires
18:08 Man-at-Arms
19:02 Forging
18:53 Scale Mail Armor
19:00 Scale Barding Armor
26:08 Caravan
34:18 Imperial Age
36:02 Wheelbarrow
36:07 Padded Archer Armor
35:57 Fletching
36:58 Heavy Scorpion
38:09 Ballistas
39:43 Bow Saw
39:16 Horse Collar
40:04 Long Swordsman
44:36 Hand Cart
48:46 Chemistry
48:06 Leather Archer Armor
47:47 Bodkin Arrow
48:28 Iron Casting
48:08 Chain Mail Armor
53:53 Capped Ram
54:05 Legionary
PerdiendoConCan
2:35 Loom
10:20 Feudal Age
14:12 Castle Age
12:36 Double-Bit Axe
15:30 Bow Saw
23:25 Loom
24:16 Wheelbarrow
23:26 Town Watch
24:58 Horse Collar
29:13 Imperial Age
26:29 Loom
27:00 Hand Cart
26:45 Town Patrol
26:46 Treadmill Crane
27:22 Forging
27:03 Fletching
29:04 Elite Skirmisher
31:26 Chemistry
30:47 Ballistics
30:38 Fortified Wall
30:00 Imperial Skirmisher
30:21 Pikeman
31:03 Halberdier
31:44 Squires
31:30 Arson
33:05 Bodkin Arrow
33:10 Padded Archer Armor
33:48 Iron Casting
35:11 Bracer
35:26 Leather Archer Armor
37:35 Two-Man Saw
36:36 Heavy Plow
36:27 Gold Mining
36:27 Stone Mining
41:32 Leather Archer Armor
41:19 Scale Mail Armor
42:55 Ring Archer Armor
46:14 Chain Mail Armor
54:42 Plate Mail Armor
Connection lost

Rejoining the realm…

Still unreachable

The connection could not be restored.

Session expired

The server has moved on; the page needs a fresh start.